 Dungeon Crawl Stone Soup version 0.20.1-1-g8b1a95d (webtiles) character file.

3551 dohliylev the Covert (level 9, -6/61 HPs)
             Began as a Vampire Enchanter on Aug 12, 2017.
             Was a Believer of Nemelex Xobeh.
             Mangled by an ice devil (16 damage)
             ... summoned by the player character
             ... in a bailey.
             The game lasted 00:29:51 (7322 turns).

dohliylev the Covert (Vampire Enchanter)            Turns: 7322, Time: 00:29:53

Health: -6/61      AC:  7    Str:  7    XL:     9   Next: 83%
Magic:  13/18      EV: 14    Int: 20    God:    Nemelex Xobeh [**....]
Gold:   424        SH:  0    Dex: 15    Spells: 14/20 levels left

rFire    + . .     SeeInvis +   a - +1 dagger
rCold    x . .     Gourm    .   (no shield)
rNeg     . . .     Faith    .   b - +0 robe
rPois    .         Spirit   .   l - +0 helmet
rElec    .         Reflect  .   i - +0 cloak
rCorr    .         Harm     .   y - +1 pair of gloves
MR       .....                  K - +0 pair of boots
Stlth    ++++++....             (no amulet)
Regen    0.4/turn               m - +3 ring of slaying
MPRegen  0.2/turn               w - ring of fire

@: regenerating quickly
A: fangs 3, see invisible, unbreathing
a: Renounce Religion


You were in a bailey.
You worshipped Nemelex Xobeh.
Nemelex Xobeh was pleased with you.
You were very full.

You visited 2 branches of the dungeon, and saw 8 of its levels.
You also visited: Bailey.

You collected 424 gold pieces.

Inventory:

Hand Weapons
 a - a +1 dagger (weapon)
Armour
 b - a +0 robe (worn)
 i - a +0 cloak (worn)
 l - a +0 helmet (worn)
 y - a +1 pair of gloves (worn)
 K - a +0 pair of boots (worn)
Jewellery
 m - a +3 ring of slaying (left hand)
 r - an uncursed ring of positive energy
 w - a ring of fire (right hand)
Wands
 d - a wand of digging (19/24)
 q - a wand of polymorph (11/24)
 t - a wand of clouds (2/9)
 D - a wand of lightning (10/15)
 E - a wand of enslavement (5/24)
 F - a wand of random effects (24/48)
Scrolls
 e - 3 scrolls of teleportation
 f - a scroll of fog
 g - a scroll of recharging
 k - 4 scrolls of remove curse
 o - a scroll of amnesia
 I - a scroll of blinking
Potions
 h - 3 potions of heal wounds {unknown}
 j - 3 potions of mutation {unknown}
 n - 2 potions of curing {unknown}
 s - a potion of haste
 u - a potion of lignification {unknown}
 x - 10 potions of blood
 z - a potion of brilliance {unknown}
 A - 4 potions of might {unknown}
 C - a potion of agility {unknown}
 H - a potion of invisibility {unknown}
Books
 c - a book of Maledictions

   Spells                             Type                      Level
   a - Corona                         Hexes                        1
   b - Ensorcelled Hibernation        Hexes/Ice                    2
   c - Confuse                        Hexes                        3
   d - Tukima's Dance                 Hexes                        3
   e - Dazzling Spray                 Conjuration/Hexes            3
 p - a book of Minor Magic

   Spells                             Type                      Level
   a - Magic Dart                     Conjuration                  1
   b - Blink                          Translocation                2
   c - Call Imp                       Summoning                    2
   d - Slow                           Hexes                        2
   e - Conjure Flame                  Conjuration/Fire             3
   f - Mephitic Cloud                 Conjuration/Poison/Air       3
Miscellaneous
 G - a plain deck of destruction {drawn: 2}
 J - a plain deck of escape {drawn: 1}


   Skills:
 + Level 2.0 Fighting
 + Level 5.0 Short Blades
 + Level 3.9 Dodging
 * Level 14.6 Stealth
 + Level 6.0 Spellcasting
 - Level 8.5 Hexes
 - Level 2.2 Ice Magic
 + Level 0.3 Invocations


You had 14 spell levels left.
You knew the following spells:

 Your Spells              Type           Power        Failure   Level  Hunger
a - Corona                Hex            #####..      1%          1    None
b - Ensorcelled Hibernat  Hex/Ice        ####..       1%          2    None
c - Confuse               Hex            #####...     1%          3    ##.....


Dungeon Overview and Level Annotations

Branches:
Dungeon (7/15)             Temple (1/1) D:5

Altars:
Cheibriados
Dithmenos
Elyvilon
Fedhas
Gozag
Hepliaklqana
Kikubaaqudgha
Makhleb
Nemelex Xobeh
Okawaru
Qazlal
Ru
Sif Muna
Trog
Uskayaw
Vehumet
Xom
Yredelemnul
Zin
The Shining One


Innate Abilities, Weirdness & Mutations

Your natural rate of healing is unusually fast.
You have razor-sharp teeth.
You have supernaturally acute eyesight. (SInv)
You can survive without breathing.


Message History

You hear a distant "Zot"!
That item cannot be evoked!
Evoke which item? (* to show all) (? for menu, Esc to quit)
You draw a card...
It is the Tomb.
Walls emerge from the floor!
Your hell hound completely misses the red devil.
The orc warrior hits your hell hound with a war axe!
Your hell hound bites the kobold demonologist.
Casting: Confuse
Confirm with . or Enter, or press ? or * to list all spells.
Aiming: Confuse
Press: ? - help, Shift-Dir - straight line, f/p - ice devil
Aim: an ice devil (summoned, chance to defeat MR: 18%)
The ice devil resists with almost no effort.
You hear a distant "Zot"!
Your hell hound bites the orc high priest but does no damage.
The ice devil hits you.
* * * LOW HITPOINT WARNING * * *
The ice devil freezes you!
You feel a terrible chill!
You die...
Your body disappears without a glow.

#..55g#.....#
####.o#..⌠..#
#..'.....+
#..'oh...+
#####o''#####
#...K5......#
###≈≈))4..≈≈≈≈##
≈≈≈≈≈≈≈≈#4#.≈≈≈≈≈≈
≈≈≈≈≈≈≈≈#@#.≈≈≈≈≈≈
≈≈≈≈≈≈≈≈≈###.≈≈≈≈≈≈
≈≈≈≈≈≈≈≈≈≈...≈≈≈≈≈≈
≈≈≈≈≈≈≈.........≈≈≈
########.......####
#.......# #.......#
#...∩...# #.......#


You could see an orc high priest, an ice devil, a kobold demonologist, a red
devil, an orc warrior, an ufetubus and a friendly hell hound.

Vanquished Creatures
  Pikel (D:7)
  A kobold demonologist (D:3)
  Prince Ribbit (D:5)
  Sigmund (D:3)
  A water moccasin (D:7)
  Duvessa (D:5)
  An ice beast (D:6)
  A sky beast (D:6)
  4 orc warriors
  3 ogres
  The ghost of tidbits the Insei, an amateur DgTm (D:4)
  Blork the orc (D:5)
  A bullfrog (D:6)
  Dowan (D:5)
  A scorpion (D:6)
  A howler monkey (D:4)
  A crimson imp (D:4)
  A bullfrog zombie (D:6)
  5 hounds
  2 bullfrog skeletons (D:6)
  2 jellies (D:6)
  4 orc priests
  Crazy Yiuf (D:3)
  Ijyb (D:5)
  Terence (D:2)
  4 worker ants
  2 worker ant zombies
  Robin (D:2)
  3 gnolls
  10 adders
  3 shadow imps (D:3)
  An ooze (D:2)
  2 adder skeletons
  2 worms (D:4)
  2 leopard geckos
  16 orcs
  2 ball pythons (D:3)
  6 bats
  3 giant cockroaches
  20 goblins
  9 hobgoblins
  8 jackals
  3 quokkas
  9 frilled lizards
  A jackal skeleton (D:4)
  10 kobolds
  A leopard gecko skeleton (D:7)
  13 rats
170 creatures vanquished.

Vanquished Creatures (collateral kills)
  The ghost of Setanta the Basher, a novice GrFi of Gozag (D:6)
  4 orcs
  A goblin (Bailey)
6 creatures vanquished.

Vanquished Creatures (others)
  A slave (D:7)
  2 gnolls (D:7)
3 creatures vanquished.

Grand Total: 179 creatures vanquished

Notes
Turn   | Place    | Note
-------+----------+-------------------------------------------
     0 | D:1      | dohliylev the Vampire Enchanter began the quest for the Orb.
     0 | D:1      | Reached XP level 1. HP: 13/13 MP: 3/3
   550 | D:1      | Reached XP level 2. HP: 17/19 MP: 5/5
   554 | D:1      | Learned a level 2 spell: Ensorcelled Hibernation
   862 | D:2      | Reached skill level 5 in Stealth
   902 | D:2      | Reached skill level 5 in Hexes
   902 | D:2      | Reached XP level 3. HP: 24/24 MP: 1/6
  1046 | D:2      | Noticed Robin
  1103 | D:2      | Killed Robin
  1103 | D:2      | Reached skill level 6 in Stealth
  1205 | D:2      | Reached XP level 4. HP: 30/30 MP: 1/7
  1566 | D:2      | Noticed Terence
  1569 | D:2      | Killed Terence
  1781 | D:2      | Learned a level 3 spell: Confuse
  1814 | D:3      | Noticed Sigmund
  1974 | D:3      | Killed Sigmund
  1974 | D:3      | Reached skill level 8 in Stealth
  1974 | D:3      | Reached XP level 5. HP: 28/36 MP: 1/8
  1974 | D:3      | Reached XP level 6. HP: 33/42 MP: 1/9
  2071 | D:3      | Reached skill level 1 in Ice Magic
  2146 | D:3      | Found a glowing golden altar of the Shining One.
  2150 | D:3      | Found a shadowy altar of Dithmenos.
  2274 | D:3      | Found a transporter.
  2424 | D:3      | Noticed a kobold demonologist
  2431 | D:3      | Found a transporter.
  2604 | D:3      | Found a runed door.
  2772 | D:3      | Found a sparkling altar of Nemelex Xobeh.
  2929 | D:3      | Noticed Crazy Yiuf
  2933 | D:3      | Killed Crazy Yiuf
  3052 | D:4      | Noticed tidbits's ghost (amateur DgTm)
  3081 | D:4      | Killed tidbits's ghost
  3209 | D:4      | Reached skill level 1 in Fighting
  3295 | D:3      | Found an iron altar of Okawaru.
  3304 | D:3      | Became a worshipper of Nemelex Xobeh the Trickster
  3321 | D:4      | Reached XP level 7. HP: 48/48 MP: 11/11
  3859 | D:3      | Noticed a chaos spawn
  4140 | D:3      | Killed a kobold demonologist
  4140 | D:3      | Reached skill level 9 in Stealth
  4630 | D:4      | Received a gift from Nemelex Xobeh
  4678 | D:4      | Reached XP level 8. HP: 54/54 MP: 12/14
  4746 | D:5      | Entered Level 5 of the Dungeon
  4770 | D:5      | Found a staircase to the Ecumenical Temple.
  4775 | D:5      | Noticed Blork the orc
  4779 | D:5      | Killed Blork the orc
  4794 | Temple   | Entered the Ecumenical Temple
  4959 | D:5      | Found a hide-covered altar of Uskayaw.
  5100 | D:5      | Noticed Prince Ribbit
  5108 | D:5      | Killed Prince Ribbit
  5108 | D:5      | Reached skill level 10 in Stealth
  5126 | D:5      | Found an opulent altar of Gozag.
  5126 | D:5      | Found a shimmering altar of Xom.
  5210 | D:5      | Reached * piety under Nemelex Xobeh
  5211 | D:5      | Noticed Duvessa
  5214 | D:5      | Noticed Dowan
  5215 | D:5      | Killed Duvessa
  5233 | D:5      | Killed Dowan
  5233 | D:5      | Reached skill level 11 in Stealth
  5374 | D:5      | Noticed Ijyb
  5384 | D:5      | Killed Ijyb
  5618 | D:5      | Found a sacrificial altar of Ru.
  5688 | D:6      | Noticed Setanta's ghost (novice GrFi)
  5774 | D:6      | Received a gift from Nemelex Xobeh
  5887 | D:6      | Reached skill level 12 in Stealth
  6039 | D:6      | Reached XP level 9. HP: 48/59 MP: 5/15
  6478 | D:6      | Reached ** piety under Nemelex Xobeh
  6478 | D:6      | Received a gift from Nemelex Xobeh
  6514 | D:6      | Killed Setanta's ghost
  6514 | D:6      | Reached skill level 13 in Stealth
  6514 | D:6      | Reached skill level 5 in Spellcasting
  6806 | D:7      | Noticed Pikel
  6822 | D:7      | Killed Pikel
  7040 | D:7      | Reached skill level 14 in Stealth
  7122 | D:7      | Found a flagged portal.
  7147 | Bailey   | Entered a bailey
  7288 | Bailey   | Found an iron altar of Okawaru.
  7288 | Bailey   | Noticed a kobold demonologist
  7290 | Bailey   | Noticed an orc high priest
  7295 | Bailey   | Noticed a red devil
  7296 | Bailey   | Noticed an orc knight
  7298 | Bailey   | Reached skill level 5 in Short Blades
  7311 | Bailey   | Noticed an ice devil
  7313 | Bailey   | Noticed an ice devil
  7322 | Bailey   | Mangled by an ice devil

Skill      XL: |  1  2  3  4  5  6  7  8  9 |
---------------+----------------------------+-----
Stealth        | 5 6 8 9 12 14 | 14.6
Hexes          | 5 6 7 8 |  8.5
Short Blades   | 2 3 4 5 |  5.0
Ice Magic      | 1 2 |  2.2
Fighting       | 1 2 |  2.0
Dodging        | 3 |  3.9
Spellcasting   | 4 6 |  6.0
Invocations    | |  0.3

Action                   |  1- 3 |  4- 6 |  7- 9 || total
-------------------------+-------+-------+-------++-------
Melee: Dagger            |   106 |   239 |   156 ||   501
       Bite              |     3 |    12 |    11 ||    26
 Cast: Ensorcelled Hiber |    15 |    35 |    55 ||   105
       Confuse           |       |     4 |    31 ||    35
       Corona            |       |     4 |     2 ||     6
Evoke: Deck              |       |       |     8 ||     8
  Use: Potion            |       |       |     6 ||     6
       Scroll            |       |       |     6 ||     6
 Stab: Sleeping          |    14 |    29 |    57 ||   100
       Confused          |       |     3 |     1 ||     4
  Eat: Corpse            |    12 |    10 |    16 ||    38
Armor: Robe              |    15 |    67 |    36 ||   118
Dodge: Dodged            |    59 |   157 |    88 ||   304
